 Dungeon Crawl Stone Soup version 0.32-a0-732-ga344392067 (webtiles) character file.

Game seed: 7484543737896341207

3074 NateTC the Fighter (level 9, -6/90 HPs)
             Began as a Troll Monk on Mar 16, 2024.
             Was a Priest of Hepliaklqana.
             Mangled by a tengu warrior
             ... wielding a +0 great mace
              (20 damage)
             ... on level 9 of the Dungeon on Mar 17, 2024.
             The game lasted 00:06:19 (4129 turns).

NateTC the Fighter (Troll Monk)                     Turns: 4129, Time: 00:06:19

Health: -6/90      AC:  4    Str: 25    XL:     9   Next: 58%
Magic:  8/8        EV:  9    Int:  6    God:    Hepliaklqana [***...]
Gold:   285        SH:  0    Dex: 12    Spells: 8/8 levels left

rFire   . .          .
                       - Unarmed
rCold   . . .        c - orb {light}
rNeg    . . .        a - +0 robe
rPois   +            (helmet restricted)
rElec   .            (no cloak)
rCorr   .            (gloves unavailable)
SInv    .            (boots unavailable)
Will    .....        (no amulet)
Stlth   +            g - ring of poison resistance
HPRegen 1.15/turn    (no ring)
MPRegen 0.11/turn

%: no passive effects
@: glowing
A: reduced essence, large, unfitting armour, claws 3, regeneration 1, shaggy fur
1, tough skin 1
a: Renounce Religion, Recall Ancestor, Ancestor Identity, Transference


You were on level 9 of the Dungeon.
You worshipped Hepliaklqana.
Hepliaklqana was most pleased with you.
You visited 2 branches of the dungeon, and saw 9 of its levels.

You collected 285 gold pieces.

Inventory:

Armour
 a - a +0 robe (worn)
 c - an orb of light (worn)
Jewellery
 g - a ring of poison resistance (left claw)
 p - a ring of magical power
 s - a ring of fire
Wands
 q - a wand of flame (14)
 r - a wand of polymorph (5)
Scrolls
 j - 3 scrolls of identify
 m - a scroll of teleportation
Potions
 b - a potion of ambrosia
 d - a potion of invisibility {unknown}
 e - a potion of mutation {unknown}
 f - a potion of heal wounds {unknown}
 h - a potion of might {unknown}
 i - 2 potions of haste
 k - a potion of curing
 l - a potion of attraction {unknown}
 n - a potion of degeneration {unknown}
 o - a potion of lignification {unknown}


   Skills:
 * Level 9.6 Fighting
 - Level 2.4 Dodging
 + Level 8.4 Unarmed Combat


You had 8 spell levels left.
You didn't know any spells.
Your spell library contained the following spells:

 Spells                   Type           Power      Damage    Failure   Level
 Apportation              Tloc           0%         N/A       45%         1
 Necrotise                Necr           0%         1d4       45%         1
 Shock                    Conj/Air       0%         1d3       45%         1
 Sting                    Conj/Alch      0%         1d3       45%         1
 Summon Small Mammal      Summ           0%         N/A       45%         1
 Cigotuvi's Dreadful Rot  Necr/Alch/Air  0%         N/A       58%         2
 Frozen Ramparts          Ice            0%         1d1       83%         3
 Hailstorm                Conj/Ice       0%         3d5       83%         3
 Ozocubu's Armour         Ice            0%         N/A       83%         3
 Summon Ice Beast         Ice/Summ       0%         N/A       83%         3
 Swiftness                Air            0%         N/A       83%         3
 Tukima's Dance           Hex            0%         N/A       83%         3
 Airstrike                Air            0%         2d(0-16)  99%         4
 Dimensional Bullseye     Hex/Tloc       0%         N/A       99%         4
 Dispel Undead            Necr           0%         3d6       99%         4
 Iskenderun's Mystic Bla  Conj/Tloc      0%         2d3       99%         4
 Martyr's Knell           Necr/Summ      0%         N/A       99%         4
 Metabolic Englaciation   Hex/Ice        0%         N/A       100%        5
 Permafrost Eruption      Ice/Erth       0%         2x4d2     100%        6
 Sculpt Simulacrum        Ice/Alch       0%         N/A       100%        6


Dungeon Overview and Level Annotations

Branches:
Dungeon (9/15) Zot: 26907  Temple (1/1) D:4 Zot: 5985
   Lair: D:8-11         Orc: D:9-12

Altars:
Ashenzari
Cheibriados
Dithmenos
Fedhas
Gozag
Hepliaklqana
Kikubaaqudgha
Makhleb
Nemelex Xobeh
Qazlal
Ru
Sif Muna
Vehumet
Zin
The Shining One

Annotations:
D:2 1 runed translucent door, Crazy Yiuf


Innate Abilities, Weirdness & Mutations

Your life essence is reduced to manifest your ancestor. (-10% HP)
You are too large for most types of armour.
You have claws for hands.
Your natural rate of healing is unusually fast.
You are covered in fur. (AC +1)
You have tough skin. (AC +1)


Message History

The tengu warrior hits Maadaluz with a +0 great mace!!
Maadaluz is destroyed!
The tengu warrior shouts!
You now have 285 gold pieces (gained 19).
You claw the tengu warrior!
The tengu warrior is severely wounded.
The tengu warrior barely misses you. The tengu warrior pecks you.
The tengu warrior claws you.
You barely miss the tengu warrior.
The tengu warrior is severely wounded.
The tengu warrior hits you with a +0 great mace!
The tengu warrior completely misses you.
The tengu warrior claws you but does no damage.
You completely miss the tengu warrior.
The tengu warrior is severely wounded.
The tengu warrior hits you with a +0 great mace!!
The tengu warrior pecks you. The tengu warrior closely misses you.
You scratch the tengu warrior but do no damage.
The tengu warrior is severely wounded.
The tengu warrior slips past you!
The tengu warrior hits you with a +0 great mace!
The tengu warrior pecks you. The tengu warrior claws you!
You scratch the tengu warrior but do no damage.
The tengu warrior is severely wounded.
The tengu warrior barely misses you. The tengu warrior pecks you.
The tengu warrior claws you.
* * * LOW HITPOINT WARNING * * *
You closely miss the tengu warrior.
The tengu warrior is severely wounded.
The tengu warrior hits you with a +0 great mace!!
* * * LOW HITPOINT WARNING * * *
The tengu warrior pecks you.
* * * LOW HITPOINT WARNING * * *
The tengu warrior closely misses you.
Okay, then.
Okay, then.
You feel better.
The tengu warrior hits you with a +0 great mace!!
You die...
Hepliaklqana delivers you to your ancestors.

########### #######
.##.......# #.....#
.##.......# #.....#
.##.......# #.....#
.##.......# #Q....#
.##.......#... #@....#
.##.......#...##.....#
.##.......#...##.....#
.##.......#...##.....#
.##.......#...##.....#
.##.......#...##.....###
.##.......#...##.........
.##.......#..............
.##.......#..R##.........


You could see a tengu warrior.

Vanquished Creatures
  Prince Ribbit (D:5)
  Grinder (D:5)
  Sigmund (D:3)
  A shadow (D:9)
  Eustachio (D:5)
  A water moccasin (D:6)
  A sky beast (D:6)
  An ogre (D:6)
  A phantom (D:5)
  A kobold brigand (D:6)
  Blork the orc (D:6)
  A scorpion (D:6)
  3 wights (D:6)
  2 bombardier beetles (D:4)
  A crimson imp (D:4)
  A hound (D:5)
  A water moccasin simulacrum (D:5)
  2 jellies (D:6)
  A sleepcap (D:4)
  Terence (D:3)
  8 orc wizards
  A bullfrog simulacrum (D:5)
  4 gnolls (D:4)
  5 adders
  2 hound simulacra (D:5)
  A white imp (D:5)
  2 dart slugs
  2 ribbon worms
  19 orcs
  11 endoplasms
  A giant cockroach (D:4)
  4 goblins
  3 hobgoblins (D:3)
  8 kobolds
  2 quokkas (D:3)
  6 ball pythons
  14 bats
  2 frilled lizards (D:2)
  5 goblin skeletons (D:4)
  2 hobgoblin zombies (D:4)
  2 kobold zombies (D:4)
  3 orc skeletons (D:4)
  2 rats
133 creatures vanquished.

Vanquished Creatures (collateral kills)
  A two-headed ogre (D:5)
  The ghost of gimp the Shooter, an amateur CoHu (D:5)
  A bombardier beetle (D:5)
  An orc priest (D:4)
4 creatures vanquished.

Vanquished Creatures (others)
  A battlemage (D:9)
1 creature vanquished.

Grand Total: 138 creatures vanquished

Notes
Turn   | Place    | Note
-------+----------+-------------------------------------------
     0 | D:1      | NateTC the Troll Monk began the quest for the Orb.
     0 | D:1      | Reached XP level 1. HP: 22/22 MP: 0/0
   180 | D:1      | Reached XP level 2. HP: 29/29 MP: 1/1
   481 | D:2      | Reached skill level 3 in Fighting
   491 | D:2      | Reached XP level 3. HP: 33/37 MP: 2/2
   495 | D:2      | Found a faded altar of an unknown god.
   576 | D:2      | Found a runed translucent door.
   577 | D:2      | Noticed Crazy Yiuf
  1082 | D:3      | Noticed Terence
  1091 | D:3      | Killed Terence
  1103 | D:3      | Reached XP level 4. HP: 46/46 MP: 3/3
  1115 | D:3      | Noticed Sigmund
  1137 | D:3      | Killed Sigmund
  1138 | D:3      | Reached skill level 4 in Fighting
  1138 | D:3      | Reached XP level 5. HP: 32/55 MP: 4/4
  1286 | D:3      | Found a sacrificial altar of Ru.
  1934 | D:4      | Reached XP level 6. HP: 65/65 MP: 5/5
  1964 | D:4      | Found a staircase to the Ecumenical Temple.
  1982 | D:4      | Reached skill level 5 in Fighting
  2020 | Temple   | Entered the Ecumenical Temple
  2027 | Temple   | Became a worshipper of Hepliaklqana the Forgotten
  2027 | Temple   | Reached * piety under Hepliaklqana
  2027 | Temple   | Reached ** piety under Hepliaklqana
  2061 | D:4      | Found a glowing golden altar of the Shining One.
  2087 | D:4      | Identified the +1 falchion of NateTC's Evisceration {venom,
                  | Str+5 Int+3}
  2123 | D:4      | Reached skill level 5 in Unarmed Combat
  2247 | D:4      | Reached XP level 7. HP: 63/64 MP: 6/6
  2399 | D:4      | Found a sparkling altar of Nemelex Xobeh.
  2788 | D:5      | Entered Level 5 of the Dungeon
  2796 | D:5      | Reached skill level 6 in Fighting
  2828 | D:5      | Noticed a two-headed ogre
  2836 | D:5      | Killed a two-headed ogre
  2837 | D:5      | Reached skill level 7 in Fighting
  2837 | D:5      | Reached XP level 8. HP: 20/78 MP: 7/7
  3026 | D:5      | Noticed Grinder
  3030 | D:5      | Killed Grinder
  3062 | D:5      | Noticed Prince Ribbit
  3073 | D:5      | Killed Prince Ribbit
  3074 | D:5      | Reached skill level 8 in Fighting
  3139 | D:5      | Found a runed translucent gate.
  3139 | D:5      | Found a runed translucent gate.
  3139 | D:5      | Found a runed translucent gate.
  3324 | D:5      | Noticed Eustachio
  3331 | D:5      | Killed Eustachio
  3379 | D:5      | Reached XP level 9. HP: 84/87 MP: 8/8
  3516 | D:5      | Reached *** piety under Hepliaklqana
  3551 | D:5      | Noticed gimp's ghost (amateur CoHu)
  3593 | D:5      | Killed gimp's ghost
  3727 | D:6      | Noticed Blork the orc
  3733 | D:6      | Killed Blork the orc
  3799 | D:6      | Reached skill level 9 in Fighting
  3972 | D:6      | You fall into a shaft and drop 3 floors!
  3979 | D:9      | Remembered your ancestor Maadaluz as a battlemage
  3986 | D:9      | Noticed a deep elf pyromancer
  3986 | D:9      | Noticed a boulder beetle
  3988 | D:9      | Noticed a boulder beetle
  3994 | D:9      | Noticed a five-headed hydra
  4037 | D:8      | Found a broken altar of Ashenzari.
  4037 | D:8      | Found a shimmering blue altar of Sif Muna.
  4102 | D:9      | Noticed a tengu warrior
  4128 | D:9      | HP: 4/90 [tengu warrior/+0 great mace (5)]
  4129 | D:9      | Mangled by a tengu warrior

Illustrated notes

Levels and vault maps discovered:
D:1:      erik_arrival_orb_chamber, layout_rooms, minmay_pentomino_p2
D:2:      layout_basic, chequers_ecumenical_altar_island,
          uniq_crazy_yiuf_cottage
D:3:      layout_basic, lemuel_crystal_altar, uniq_sigmund, uniq_terence
D:4:      layout_loops_ring, nicolae_tso_besieged_by_evil,
          mainiacjoe_overflow_brackets, minmay_temple_entry_overgrown,
          roderic_batcave
D:5:      layout_rooms, gammafunk_ghost_icy, nicolae_hexahallways,
          uniq_eustachio, uniq_grinder, uniq_prince_ribbit1
D:6:      layout_gridville, minitemple, nicolae_figureground_sparkle,
          uniq_pikel, uniq_blork_the_orc
D:8:      layout_basic, nicolae_uskayaw_suspiria, general_overflow_altar,
          nicolae_overflow_hidden_temple, uniq_erica
D:9:      gammafunk_the_bubble [the_bubble_gammafunk_split], layout_long_grid,
          lemuel_crystal_altar, serial_rivers, chequers_serial_rivers_room_b,
          chequers_serial_rivers_marsh, chequers_serial_rivers_micro_c,
          chequers_serial_rivers_small_b, chequers_serial_rivers_micro_a,
          chequers_serial_rivers_small_b, st_stairs_11
Temple:   hellmonk_temple_micro_hex

Skill      XL: |  1  2  3  4  5  6  7  8  9 |
---------------+----------------------------+-----
Fighting       | 3 4 5 7 8 9 |  9.6
Unarmed Combat | 4 5 6 7 8 |  8.4
Dodging        | |  2.4

Action                     |  1- 3 |  4- 6 |  7- 9 || total
---------------------------+-------+-------+-------++-------
  Melee: Unarmed           |    49 |   138 |   129 ||   316
 Invoke: Recall Ancestor   |       |       |     1 ||     1
         Ancestor Life: Ba |       |       |     1 ||     1
    Use: Scroll            |       |     3 |     3 ||     6
         Potion            |       |       |     1 ||     1
   Stab: Distracted        |       |       |     1 ||     1
 Armour: Robe              |    20 |   114 |    80 ||   214
  Dodge: Dodged            |    18 |    69 |    52 ||   139

Table legend: (Time is in decaauts)
 A = Elapsed time spent in this place.
 B = Non-inter-level travel time spent in this place.
 C = Inter-level travel time spent in this place.
 D = Time resting spent in this place.
 E = Time spent auto-exploring this place.
 F = Levels seen in this place.
 G = Mean time per level.
                   A        B        C        D        E       F      G
               +--------+--------+--------+--------+--------+-----+--------+
         Total |   4097 |   3945 |    152 |     88 |   2937 |   9 |  455.2 |
       Dungeon |   4082 |   3930 |    152 |     88 |   2937 |   8 |  510.2 |
        Temple |     14 |     14 |      0 |      0 |      0 |   1 |   14.0 |
               +--------+--------+--------+--------+--------+-----+--------+

Top non-repeatable levels by time:
     D:5: 873 daAuts
     D:4: 851 daAuts
     D:3: 841 daAuts
     D:2: 657 daAuts
     D:1: 405 daAuts
     D:6: 297 daAuts
     D:9: 146 daAuts
  Temple: 14 daAuts
     D:8: 9 daAuts
